 Dungeon Crawl Stone Soup version 0.31-a0-801-gc67433417a (webtiles) character file.

Game seed: 3232838391564641764

77 DocSulfur the Trooper (level 4, -5/50 HPs)
             Began as an Ogre Berserker on Sept 20, 2023.
             Was a Believer of Trog.
             Killed from afar by an orc wizard (7 damage)
             ... with a magic dart
             ... on level 3 of the Dungeon.
             The game lasted 00:03:31 (2026 turns).

DocSulfur the Trooper (Ogre Berserker)              Turns: 2026, Time: 00:03:32

Health: -5/50      AC:  3    Str: 23    XL:     4   Next: 34%
Magic:  4/4        EV:  8    Int:  8    God:    Trog [**....]
Gold:   117        SH:  6    Dex:  8    Spells: 3/3 levels left

rFire   . . .        f - +0 trident
rCold   . . .        l - +0 kite shield
rNeg    . . .        b - +0 animal skin
rPois   .            (helmet restricted)
rElec   .            (no cloak)
rCorr   .            (gloves unavailable)
SInv    .            (boots unavailable)
Will    .....        (no amulet)
Stlth   +            (no ring)
HPRegen 0.28/turn    (no ring)
MPRegen 0.09/turn

%: no passive effects
@: on berserk cooldown, slowed, very slow
A: large, unfitting armour, tough skin 1
a: Renounce Religion, Berserk, Trog's Hand


You were on level 3 of the Dungeon.
You worshipped Trog.
Trog was pleased with you.
You visited 1 branch of the dungeon, and saw 3 of its levels.

You collected 117 gold pieces.

Inventory:

Hand Weapons
 a - a +0 hand axe
 f - a +0 trident (weapon)
Armour
 b - a +0 animal skin (worn)
 l - a +0 kite shield (worn)
Jewellery
 j - a ring of ice
Scrolls
 c - a scroll of brand weapon {unknown}
 d - 3 scrolls of identify {unknown}
 e - a scroll of poison {unknown}
 i - a scroll of teleportation {unknown}
Potions
 g - a potion of heal wounds {unknown}
 h - a potion of haste {unknown}
 k - a potion of mutation {unknown}


   Skills:
 - Level 5.0 Fighting
 - Level 3.4(3.8) Axes
 * Level 2.3(3.2) Polearms
 - Level 2.6 Dodging
 + Level 0.5 Shields


You had 3 spell levels left.
You didn't know any spells.
Your spell library was empty.

Dungeon Overview and Level Annotations

Branches:
Dungeon (3/15)

Altars:


Innate Abilities, Weirdness & Mutations

You are too large for most types of armour.
You have tough skin. (AC +1)


Message History

Items here: )) [ ††.
You start resting.
You feel a strong urge to attack something.
You start resting.
You feel your anger nearly subside.
You are no longer berserk.
You are exhausted.
You feel yourself slow down.
You start resting.
A bat comes into view.
The bat moves out of view.
You start resting.
An orc comes into view. It is wielding a +0 whip.
The orc shouts!
Things that are here:
a +0 club; a +0 leather armour The orc wizard shouts!
An orc priest comes into view. It is wielding a +0 dagger.
The orc attacks as it pursues you! The orc hits you with a +0 whip.
* * * LOW HITPOINT WARNING * * *
The orc attacks as it pursues you! The orc barely misses you.
The orc closely misses you.
The orc wizard casts a spell.
The orc wizard flickers and vanishes!
Deactivating autopickup; reactivate with Ctrl-A.
Okay, then.
Okay, then.
Welcome back, DocSulfur the Ogre Berserker.
Trog says: Kill them all!
Press ? for a list of commands and other information.
The orc priest shouts!
The orc attacks as it pursues you! The orc barely misses you.
The orc attacks as it pursues you! The orc hits you with a +0 whip.
* * * LOW HITPOINT WARNING * * *
The orc priest calls down the wrath of Beogh upon you.
Beogh smites you!
* * * LOW HITPOINT WARNING * * *
A magic dart appears from out of thin air!
Deactivating autopickup; reactivate with Ctrl-A.
The magic dart hits you!
You die...

#.....#.####..(...<#..
#######.#............#
.. #.#.#o....##.#.#
.#.####.#.##.....#.#.#
......................
##.####.####.#.#.#.#..
#.##.†...## ..#....
#.#....#.# .. #.##.
#...@o.#.# #.# #. .
#.....[+ . .. .
#......# .. .#. .
#......# .. ..#. #
#......# ... #...{..#
#.. #..o...# #..
#......# #... #......#


You could see an orc priest and an orc.

Vanquished Creatures
  2 adders
  A worm (D:2)
  A dart slug (D:2)
  4 orcs (D:3)
  7 ball pythons
  5 endoplasms (D:1)
  2 goblins
  5 hobgoblins
  A quokka (D:2)
  6 bats
  5 frilled lizards
  5 kobolds
  9 rats
53 creatures vanquished.

Notes
Turn   | Place    | Note
-------+----------+-------------------------------------------
     0 | D:1      | DocSulfur the Ogre Berserker began the quest for the Orb.
     0 | D:1      | Reached XP level 1. HP: 24/24 MP: 1/1
   106 | D:1      | Reached XP level 2. HP: 29/33 MP: 2/2
   587 | D:1      | Reached ** piety under Trog
   704 | D:1      | Reached XP level 3. HP: 40/40 MP: 3/3
   814 | D:1      | Reached skill level 1 in Polearms
  1583 | D:2      | Reached skill level 5 in Fighting
  1942 | D:3      | Reached XP level 4. HP: 49/50 MP: 4/4
  2026 | D:3      | HP: 2/50 [orc priest/divine providence (10)]
  2026 | D:3      | Killed from afar by an orc wizard

Illustrated notes

Levels and vault maps discovered:
D:1:      minmay_arrival_arboretum_small, layout_basic
D:2:      layout_basic
D:3:      layout_basic, mainiacjoe_overflow_alcove_2,
          hellmonk_ecumenical_altar_crossroads

Skill      XL: |  1  2  3 |
---------------+----------+-----
Polearms       | 2 |  2.3
Fighting       | 5 |  5.0
Axes           | |  3.4
Dodging        | |  2.6
Shields        | |  0.5

Action                     |  1- 3 |  4- 6 || total
---------------------------+-------+-------++-------
  Melee: Hand axe          |    35 |       ||    35
         Trident           |    83 |    24 ||   107
         Punch             |     1 |       ||     1
 Invoke: Berserk           |     3 |     1 ||     4
   Stab: Sleeping          |     1 |       ||     1
 Armour: Animal skin       |    65 |    36 ||   101
  Dodge: Dodged            |    53 |    10 ||    63
  Block: Kite shield       |     2 |    13 ||    15

Table legend: (Time is in decaauts)
 A = Elapsed time spent in this place.
 B = Non-inter-level travel time spent in this place.
 C = Inter-level travel time spent in this place.
 D = Time resting spent in this place.
 E = Time spent auto-exploring this place.
 F = Levels seen in this place.
 G = Mean time per level.
                   A        B        C        D        E       F      G
               +--------+--------+--------+--------+--------+-----+--------+
         Total |   2081 |   1980 |    101 |    137 |   1338 |   3 |  693.7 |
       Dungeon |   2081 |   1980 |    101 |    137 |   1338 |   3 |  693.7 |
               +--------+--------+--------+--------+--------+-----+--------+

Top non-repeatable levels by time:
     D:1: 1124 daAuts
     D:2: 810 daAuts
     D:3: 146 daAuts
